 Dungeon Crawl Stone Soup version 0.25.1-2-g60ff931df9 (webtiles) character file.

Game seed: 7844575370292935428

15188 lorenzova the Thaumaturge (level 11, -1/54 HPs)
             Began as a Deep Elf Conjurer on Oct 5, 2020.
             Was an Elder of Vehumet.
             Slain by a five-headed hydra (12 damage)
             ... on level 1 of the Lair of Beasts.
             The game lasted 00:37:31 (16317 turns).

lorenzova the Thaumaturge (Deep Elf Conjurer)      Turns: 16317, Time: 00:37:31

Health: -1/54      AC:  3    Str: 13    XL:     11   Next: 98%
Magic:  24/31      EV: 13    Int: 30    God:    Vehumet [****..]
Gold:   581        SH:  0    Dex: 15    Spells: 14/38 levels left

rFire    . . .     SeeInvis +   y - +7 falchion "Spiderslayer" {elec, Str+8 SInv Stlth+}
rCold    . . .     Gourm    .   (no shield)
rNeg     . . .     Faith    .   a - +0 robe
rPois    .         Spirit   .   (no helmet)
rElec    .         Reflect  .   (no cloak)
rCorr    .         Harm     .   (no gloves)
MR       ++...                  g - +0 pair of boots
Stlth    +++.......             L - amulet of the acrobat
HPRegen  0.18/turn              d - +6 ring of intelligence
MPRegen  0.22/turn              w - ring of protection from magic

@: no status effects
A: no striking features
a: Renounce Religion


You were on level 1 of the Lair of Beasts.
You worshipped Vehumet.
Vehumet was greatly pleased with you.
You were hungry.

You visited 3 branches of the dungeon, and saw 12 of its levels.
You also visited: Sewer.

You collected 581 gold pieces.

Inventory:

Hand Weapons
 y - the +7 falchion "Spiderslayer" (weapon) {elec, Str+8 SInv Stlth+}
   (You found it on level 5 of the Dungeon)

   Occasionally, upon striking a foe, it will discharge some electrical energy
   and cause terrible harm.
   It affects your strength (+8).
   It lets you see invisible.
   It makes you more stealthy.
 P - the +6 arbalest "Damnation" {damnation}
   (You took it off an orc on level 10 of the Dungeon)
Armour
 a - a +0 robe (worn)
 g - a +0 pair of boots (worn)
 J - the +1 pair of boots of the Princes {-Tele rCorr Str+4 Slay+3}
   (You found it on level 1 of the Lair of Beasts)

   It affects your strength (+4).
   It affects your accuracy and damage with ranged weapons and melee attacks
   (+3).
   It prevents most forms of teleportation.
   It provides partial protection from all sources of acid and corrosion.
Magical Staves
 D - an uncursed staff of conjuration
Jewellery
 b - an uncursed amulet of faith
 d - a +6 ring of intelligence (left hand)
 t - an uncursed ring of protection from cold
 w - a ring of protection from magic (right hand)
 F - an uncursed ring of fire
 G - an uncursed ring of see invisible
 H - an uncursed ring of ice
 I - an uncursed amulet of regeneration {unknown}
 L - an amulet of the acrobat (around neck)
 O - a +4 ring of protection
Wands
 q - a wand of digging (6)
 E - a wand of acid (14)
 K - a wand of clouds (6)
Scrolls
 e - 8 scrolls of magic mapping
 k - a scroll of enchant armour {unknown}
 n - a scroll of enchant weapon
 p - 8 scrolls of teleportation
 u - 2 scrolls of remove curse
 v - a scroll of holy word
 z - 4 scrolls of fear
 C - 4 scrolls of fog
 M - a scroll of identify
Potions
 f - 2 potions of lignification
 h - a potion of ambrosia
 i - 11 potions of curing
 j - 2 potions of flight
 l - a potion of might {unknown}
 m - 2 potions of berserk rage
 o - 2 potions of cancellation
 r - a potion of stabbing
 s - a potion of resistance
 x - a potion of heal wounds
 A - a potion of haste {unknown}
 B - a potion of brilliance {unknown}
Comestibles
 c - 26 rations


   Skills:
 - Level 2.4 Dodging
 - Level 2.4 Stealth
 * Level 14.2 Spellcasting
 * Level 12.7 Conjurations
 - Level 9.0 Hexes
 - Level 6.0 Translocations
 * Level 8.2 Fire Magic


You had 14 spell levels left.
You knew the following spells:

 Your Spells              Type           Power        Failure   Level  Hunger
a - Magic Dart            Conj           ####         0%          1    None
b - Foxfire               Conj/Fire      ####         1%          1    None
c - Iskenderun's Mystic   Conj/Tloc      ######..     1%          4    None
d - Fulminant Prism       Conj/Hex       ######....   1%          4    None
f - Fireball              Conj/Fire      ######....   1%          5    None
s - Sticky Flame          Conj/Fire      ######..     1%          4    None
x - Conjure Flame         Conj/Fire      ######..     1%          3    None
z - Searing Ray           Conj           ######       0%          2    None

Your spell library contained the following spells:

 Spells                   Type           Power        Failure   Level  Hunger
 Iron Shot                Conj/Erth      ######....   7%          6    ####...
 Corona                   Hex            ######.      1%          1    None
 Ensorcelled Hibernation  Hex/Ice        #####.       1%          2    None
 Slow                     Hex            ######..     1%          2    None
 Confusing Touch          Hex            ######..     1%          3    None
 Dazzling Flash           Conj/Hex       ######       1%          3    None
 Ignite Poison            Fire/Tmut/Pois #####...     1%          3    None
 Inner Flame              Hex/Fire       ######..     1%          3    None
 Portal Projectile        Hex/Tloc       ######       1%          3    None
 Tukima's Dance           Hex            ######..     1%          3    None
 Cause Fear               Hex            ######....   1%          4    None
 Starburst                Conj/Fire      ######....   1%          6    ####...
 Summon Butterflies       Summ           ###.....     2%          1    None
 Leda's Liquefaction      Hex/Erth       #####.....   3%          4    None
 Call Canine Familiar     Summ           ###.....     7%          3    None
 Summon Mana Viper        Hex/Summ       #####...     10%         5    None
 Summon Ice Beast         Ice/Summ       ###.....     22%         4    None
 Ignition                 Fire           ######....   75%         8    #######
 Ring of Flames           Chrm/Fire      #####.....   98%         7    #####..
 Summon Hydra             Summ           ###.......   100%        7    #####..


Dungeon Overview and Level Annotations

Branches:
Dungeon (10/15)            Temple (1/1) D:4            Lair (1/6) D:10
  Sewer (visited)
    Orc: D:9-12

Altars:
Ashenzari
Cheibriados
Dithmenos
Elyvilon
Fedhas
Hepliaklqana
Kikubaaqudgha
Makhleb
Nemelex Xobeh
Okawaru
Qazlal
Ru
Trog
Uskayaw
Vehumet
Wu Jian
Xom
Yredelemnul
The Shining One

Annotations:
D:7 Maggie
D:8 2 transporters
D:9 rust devils, exclusion: 2 downstairs
D:10 exclusion: upstairs


Message History

The five-headed hydra is lightly wounded.
The five-headed hydra is knocked back by the mystic blast.
Unknown command.
You enter the shallow water.
Moving in this stuff is going to be slow.
The five-headed hydra completely misses you.
You riposte.
You barely miss the five-headed hydra.
The five-headed hydra is lightly wounded.
The five-headed hydra barely misses you.
The five-headed hydra bites you!
The five-headed hydra completely misses you.
The five-headed hydra bites you!
Casting: Iskenderun's Mystic Blast (safe; 1% risk of failure)
Confirm with . or Enter, or press ? or * to list all spells.
You erupt in a blast of force!
The mystic blast misses the five-headed hydra.
The five-headed hydra bites you!
* * * LOW HITPOINT WARNING * * *
The five-headed hydra bites you!
You die...

.....###......≈≈≈≈≈≈≈≈≈#
.....#.......≈≈≈≈≈≈≈≈P##
...........P≈≈≈≈≈≈≈≈..#
.###..#####≈≈≈≈≈≈≈...P#
## #..#..≈#≈≈≈≈≈≈P..≈≈#
#..#..≈#≈≈≈≈≈..≈####
#..'...........≈'.≈#
#..#..≈#≈≈≈≈..≈.#≈≈#
#..#P≈≈#≈≈≈≈≈@####'#
#..#####≈≈≈≈.#D≈#≈≈#
#.....≈≈≈≈≈.≈#.≈.≈≈#
#.....≈≈≈≈≈.≈#####'#
##.....≈≈≈≈≈PP# ≈.#
#.....≈≈≈≈≈≈..# ..≈#
##....≈≈≈≈≈≈..# ..≈.#
#....≈≈≈≈≈### ...≈P#
#...P≈≈≈≈≈# #.≈.≈≈#


You could see a five-headed hydra.

Vanquished Creatures
  2 two-headed ogres
  An unseen horror (D:9)
  2 black mambas (Lair:1)
  A gargoyle (D:10)
  4 spiny frogs (Lair:1)
  A kobold demonologist (D:10)
  A komodo dragon (Lair:1)
  2 trolls (D:10)
  A wraith (D:10)
  25 yaks
  A vampire mosquito (D:10)
  2 porcupines (Lair:1)
  A sky beast (D:5)
  4 orc warriors
  2 ice beasts
  4 ogres
  A wolf (D:9)
  3 centaurs
  5 crocodiles
  15 big kobolds (D:10)
  11 bullfrogs
  4 gnoll sergeants
  A water moccasin zombie (D:6)
  4 scorpions
  A wight (D:10)
  6 killer bees (D:5)
  A bullfrog zombie (D:6)
  An electric eel (D:9)
  A howler monkey (D:5)
  7 crimson imps
  A centaur zombie (D:8)
  A quasit (D:10)
  2 centaur skeletons
  6 hounds
  3 jellies
  9 orc priests
  2 gnoll shamans (D:9)
  5 orc wizards
  4 bullfrog skeletons
  2 iguanas
  9 worker ants
  A killer bee zombie (D:9)
  A mummy (D:6)
  A howler monkey zombie (D:8)
  A worker ant zombie (D:5)
  30 gnolls
  9 adders
  A river rat (Sewer)
  3 shadow imps
  A worker ant simulacrum (D:10)
  5 oozes
  An adder zombie (D:5)
  4 worms
  3 dart slugs
  3 leopard geckos
  25 orcs
  5 ball pythons
  6 giant cockroaches
  6 goblins
  7 hobgoblins
  9 jackals
  4 quokkas
  2 bats (D:2)
  7 frilled lizards
  2 jackal skeletons
  21 kobolds
  2 quokka skeletons
  10 rats
  2 fungi
  3 plants (Lair:1)
334 creatures vanquished.

Vanquished Creatures (others)
  27 fulminant prisms
  10 fungi
  5 plants
42 creatures vanquished.

Grand Total: 376 creatures vanquished

Notes
Turn   | Place    | Note
-------+----------+-------------------------------------------
     0 | D:1      | lorenzova the Deep Elf Conjurer began the quest for the
                  | Orb.
     0 | D:1      | Reached XP level 1. HP: 10/10 MP: 6/6
   149 | D:1      | Reached XP level 2. HP: 15/15 MP: 1/8
   212 | D:1      | Learned a level 2 spell: Searing Ray
   814 | D:1      | Reached skill level 4 in Spellcasting
  1051 | D:2      | Reached skill level 5 in Conjurations
  1051 | D:2      | Reached XP level 3. HP: 19/19 MP: 7/10
  1165 | D:2      | Reached XP level 4. HP: 24/24 MP: 8/12
  1272 | D:2      | Reached skill level 5 in Spellcasting
  1521 | D:2      | Found a burning altar of Makhleb.
  2053 | D:3      | Reached XP level 5. HP: 28/28 MP: 8/14
  2351 | D:3      | Found an iron altar of Okawaru.
  2622 | D:3      | You fall into a shaft and drop 2 floors!
  2622 | D:5      | Entered Level 5 of the Dungeon
  2720 | D:5      | Reached skill level 6 in Spellcasting
  3055 | D:5      | Found a blossoming altar of Fedhas.
  3098 | D:5      | Reached XP level 6. HP: 32/32 MP: 13/17
  3229 | D:4      | Reached skill level 7 in Spellcasting
  3293 | D:4      | Found a shadowy altar of Dithmenos.
  4065 | D:4      | Found a staircase to the Ecumenical Temple.
  4084 | Temple   | Entered the Ecumenical Temple
  4175 | Temple   | Became a worshipper of Vehumet
  4260 | D:4      | Reached XP level 7. HP: 36/36 MP: 14/20
  4302 | D:4      | Learned a level 4 spell: Iskenderun's Mystic Blast
  4307 | D:4      | Learned a level 4 spell: Fulminant Prism
  4485 | D:4      | Reached skill level 8 in Spellcasting
  4485 | D:4      | Reached skill level 1 in Hexes
  5085 | D:5      | Got a jewelled falchion
  5111 | D:5      | Reached skill level 1 in Translocations
  5589 | D:5      | Identified the +7 falchion "Spiderslayer" {elec, Str+8 SInv
                  | Stlth+} (You found it on level 5 of the Dungeon)
  5609 | D:5      | Reached XP level 8. HP: 6/41 MP: 16/22
  6264 | D:6      | Reached skill level 9 in Spellcasting
  6373 | D:6      | Reached * piety under Vehumet
  6373 | D:6      | Offered knowledge of Freeze by Vehumet.
  6454 | D:6      | Found a snail-covered altar of Cheibriados.
  6632 | D:6      | Found a glowing drain.
  6644 | Sewer    | Entered a sewer
  7507 | D:6      | Found a shattered altar of Ashenzari.
  7516 | D:6      | Reached skill level 10 in Spellcasting
  7649 | D:6      | Reached ** piety under Vehumet
  7792 | D:6      | Offered knowledge of Foxfire by Vehumet.
  7821 | D:6      | Learned a level 1 spell: Foxfire
  7924 | D:6      | Reached XP level 9. HP: 45/45 MP: 21/25
  7984 | D:6      | Found a bloodstained altar of Trog.
  8168 | D:7      | Reached skill level 1 in Fire Magic
  8459 | D:7      | Noticed Maggie
  8688 | D:8      | Noticed a centaur warrior
  8693 | D:8      | Found a transporter.
  8694 | D:8      | Noticed a catoblepas
  8697 | D:8      | Found a white marble altar of Elyvilon.
  8699 | D:8      | Noticed a two-headed ogre
  8725 | D:8      | Found an ornate altar of the Wu Jian Council.
  9031 | D:8      | Found a stormy altar of Qazlal.
  9176 | D:8      | Offered knowledge of Conjure Flame by Vehumet.
  9202 | D:8      | Learned a level 3 spell: Conjure Flame
  9248 | D:8      | Reached skill level 5 in Hexes
  9336 | D:8      | Noticed a troll
  9339 | D:8      | Found a transporter.
  9547 | D:9      | Reached *** piety under Vehumet
  9663 | D:9      | Found a sparkling altar of Nemelex Xobeh.
  9730 | D:9      | Reached skill level 10 in Conjurations
  9777 | D:9      | Noticed an unseen horror
  9784 | D:9      | Killed an unseen horror
  9784 | D:9      | Reached skill level 11 in Spellcasting
  9852 | D:9      | Noticed a two-headed ogre
  9860 | D:9      | Killed a two-headed ogre
  9860 | D:9      | Reached skill level 5 in Translocations
  9860 | D:9      | Reached XP level 10. HP: 50/50 MP: 20/27
  9915 | D:9      | Found a sacrificial altar of Ru.
 10035 | D:9      | Offered knowledge of Sticky Flame by Vehumet.
 10041 | D:9      | Learned a level 4 spell: Sticky Flame
 10047 | D:9      | Learned a level 5 spell: Fireball
 10223 | D:9      | Found a hide-covered altar of Uskayaw.
 10226 | D:9      | Noticed a +0 dagger
 10227 | D:9      | Noticed a +0 hand axe
 10903 | D:9      | Found a bloodstained altar of Trog.
 11168 | D:10     | Entered Level 10 of the Dungeon
 11405 | D:9      | Reached skill level 12 in Spellcasting
 12147 | D:10     | Reached **** piety under Vehumet
 12295 | D:10     | Offered knowledge of Yara's Violent Unravelling by Vehumet.
 12295 | D:10     | Reached skill level 5 in Fire Magic
 12531 | D:10     | Found a runed translucent door.
 12821 | D:10     | Found a runed translucent door.
 13162 | D:9      | Noticed a rust devil
 13162 | D:9      | Noticed a rust devil
 13179 | D:10     | Reached XP level 11. HP: 39/54 MP: 19/29
 13416 | D:10     | Found a staircase to the Lair.
 13719 | D:10     | Noticed a two-headed ogre
 13761 | D:10     | Reached skill level 13 in Spellcasting
 13881 | D:10     | Killed a two-headed ogre
 14552 | Lair:1   | Entered Level 1 of the Lair of Beasts
 15371 | Lair:1   | Got a pair of shimmering boots
 15382 | Lair:1   | Identified the +1 pair of boots of the Princes {-Tele rCorr
                  | Str+4 Slay+3} (You found it on level 1 of the Lair of
                  | Beasts)
 15448 | Lair:1   | Reached ***** piety under Vehumet
 15585 | Lair:1   | Offered knowledge of Iron Shot by Vehumet.
 15815 | Lair:1   | Reached skill level 14 in Spellcasting
 16310 | Lair:1   | Noticed a five-headed hydra
 16317 | Lair:1   | Slain by a five-headed hydra

Illustrated notes

Levels and vault maps discovered:
D:1:      ncdulo_smallfort, layout_loops_ring, chequers_serial_rivers_room_a
D:2:      layout_rooms, lemuel_doored_altar
D:3:      minmay_diamond_boxcup, layout_loops_ring,
          lemuel_coloured_pillars_altar, first_ration,
          chequers_serial_rivers_room_a
D:4:      layout_cave_pools, nicolae_dithmenos_shadow_blocks, temple_pool_b,
          minivault_4, corexii_checkpoint_a, item_on_display_a
D:5:      layout_loops_corners, fedhas_altar_4, minmay_starry_boxes
D:6:      layout_cave_pools, cheibrodos_ashenzari_chains, slow_altar_1,
          cheibrodos_sewer_entry_drain, trog_book
D:7:      layout_cave_pools, kennysheep_mini_moat, basic_altar, uniq_maggie
D:8:      layout_cave_pools, grunt_qazlal_clouds,
          gammafunk_temple_overflow_arena, basic_altar
D:9:      cheibrodos_iron_armory, layout_cave_pools,
          nicolae_ru_sacrificial_ziggurat, lemuel_crystal_altar,
          kennysheep_little_box, dancing_weapons_uskayaw, serial_gnoll_camp,
          gnoll_camp_mini_house, gnoll_camp_mini_sergeant, gnoll_camp_huts_moat,
          gnoll_camp_mini_loothouse
D:10:     cheibrodos_histonic, layout_small_grid,
          grunt_lair_entry_orc_guard_hut, special_room [special_room_kobold],
          grunt_decor_arrowhead, chequers_mini_garden
Temple:   nicolae_temple_figure_zero
Lair:1:   cheibrodos_lair_river_kwai, layout_small_grid, minivault_19

Skill      XL: |  1  2  3  4  5  6  7  8  9 10 11 |
---------------+----------------------------------+-----
Spellcasting   | 4 5 6 7 8 10 11 12 14 | 14.2
Conjurations   | 5 6 7 8 9 10 11 12 | 12.7
Hexes          | 2 4 6 7 9 |  9.0
Translocations | 1 3 5 6 |  6.0
Fire Magic     | 3 5 8 |  8.2
Dodging        | |  2.4
Stealth        | |  2.4

Action                   |  1- 3 |  4- 6 |  7- 9 | 10-12 || total
-------------------------+-------+-------+-------+-------++-------
Melee: Falchion          |       |       |     3 |    28 ||    31
 Cast: Magic Dart        |    47 |   103 |   205 |   206 ||   561
       Searing Ray       |       |    11 |    52 |    46 ||   109
       Fulminant Prism   |       |       |     4 |    23 ||    27
       Iskenderun's Myst |       |       |       |    25 ||    25
       Fireball          |       |       |       |    28 ||    28
       Sticky Flame      |       |       |       |    13 ||    13
       Conjure Flame     |       |       |       |    13 ||    13
  Use: Scroll            |     1 |     5 |     8 |     6 ||    20
 Stab: Sleeping          |       |       |     1 |       ||     1
  Eat: Chunk             |       |    10 |    13 |    16 ||    39
       Ration            |       |       |     1 |     1 ||     2
Armor: Robe              |       |     1 |     5 |     6 ||    12
Dodge: Dodged            |     2 |    10 |    22 |    68 ||   102
       Rpst.: Falchion   |       |       |    10 |    13 ||    23
